montu, chaotic male human Wizard ----------------------------------------------------- |....)....[.........................................| $ |.----------.--.---...----------------------------..| |.|----- |.|--- |...|..........................|..| $ $ $ |.||...| ---.|.|---...|.............<...............| ** |.||...--|....%|...(---........)...........^.....|..|. $ $ ** |.||.....|-.-^.|....|.............^..............|[@|..# |.|----..|.[|%)---..------------------------------.M|-. |.| |..|..|)...|..................................|... $ |.| |..|..|-----..------------------------------..|.... |.-----..---|....^..|----------------------- |..|..... |...........|----.--|.............%........| |..|....... ------------|...|.| --------------------.|.-------..|........## -------------.{.|.|---------------------.|..e.......|.......... * |...............|.-.........^..........%.|-------------..-----... |.---------------.|---------------------.|......................... |.................| |...........%.......*.|........ ------------------- -------------------------------- montu the Thaumaturge Experience level: 9 Strength: 15 Dexterity: 13 Constitution: 14 Intelligence: 18 Wisdom: 17 Charisma: 12 Health: 0(96) Energy: 12(117) Def: 2 Gold: 0 Moves: 10475 Dungeon seed: 62RThVyb643J12Pi Game ID: montu_1681425440 Your Inventory: Amulets o - a cursed amulet of restful sleep (being worn) Weapons f - a blessed +0 orcish short sword of frost (weapon in hand) Armor e - an uncursed +0 cloak of magic resistance (being worn) q - an uncursed +0 elven leather helm r - a cursed -1 elven leather helm y - an uncursed thoroughly rusty +0 dwarvish iron helm of clairvoyance (being worn) z - an uncursed +0 pair of speed boots (being worn) Comestibles O - 3 uncursed food rations Scrolls D - an uncursed scroll of summoning Rings I - a blessed +1 ring of searching R - an uncursed ring of slow digestion Wands k - a cursed wand of digging (0:2) m - a blessed wand of teleportation (0:5) B - an uncursed wand of cold (0:2) J - an uncursed wand of opening (0:5) M - an uncursed wand of magic missile (0:7) Z - an uncursed wand of lightning (0:4) Tools b - an uncursed bag of holding t - an uncursed towel u - an uncursed +0 unicorn horn A - an uncursed pair of lenses (being worn) V - an uncursed brass lantern (0:0) Gems n - an uncursed ruby Contents of the bag of holding: 7844 gold pieces a blessed +2 bullwhip an uncursed +0 dart of lightning an uncursed +0 orcish bow of hunger a blessed +1 quarterstaff an uncursed +0 elven cloak an uncursed carrot an uncursed cram ration an uncursed cream pie 16 uncursed food rations an uncursed fortune cookie an uncursed lizard corpse 5 uncursed slime molds an uncursed scroll of amnesia a blessed scroll of blank paper 4 uncursed scrolls of blank paper an uncursed scroll of charging 3 uncursed scrolls of enchant weapon 2 cursed scrolls of enchant weapon a blessed scroll of gold detection 2 uncursed scrolls of magic mapping an uncursed scroll of recall a cursed scroll of recall an uncursed scroll of remove curse a cursed scroll of remove curse an uncursed scroll of stinking cloud 3 uncursed scrolls of summoning a cursed scroll of taming 3 uncursed scrolls of teleportation 2 cursed scrolls of teleportation a cursed spellbook of fireball a cursed spellbook of magic mapping a cursed spellbook of slow monster a blessed potion of booze 4 uncursed potions of booze a cursed potion of booze a cursed potion of confusion an uncursed potion of enlightenment an uncursed potion of extra healing an uncursed potion of fruit juice a cursed potion of fruit juice an uncursed potion of gain energy an uncursed potion of gain level 2 cursed potions of gain level 2 uncursed potions of healing a cursed potion of invisibility a blessed potion of levitation a cursed potion of levitation an uncursed potion of object detection an uncursed potion of restore ability an uncursed potion of sickness a cursed potion of sickness an uncursed potion of sleeping a cursed potion of speed a potion of unholy water an uncursed potion of water 2 uncursed potions of wonder an uncursed ring of conflict an uncursed ring of free action a cursed -1 ring of gain constitution an uncursed ring of levitation a cursed -2 ring of searching a cursed wand of digging (0:6) an uncursed wand of digging (0:5) an uncursed wand of digging (0:2) a cursed wand of secret door detection (0:12) an uncursed wand of speed monster (0:4) an uncursed wand of undead turning (0:5) an uncursed can of grease (0:7) a cursed magic whistle an uncursed mirror a cursed oil lamp (0:0) a cursed sack an uncursed skeleton key an uncursed skeleton key 16 uncursed tallow candles (0:200) a cursed tallow candle (0:200) an uncursed tin opener a cursed tinning kit (0:30) a blessed wax candle (0:400) 6 uncursed wax candles (0:400) a cursed jacinth stone 2 uncursed jade stones a cursed jasper stone an uncursed ruby an uncursed sapphire a cursed touchstone an uncursed worthless piece of blue glass 3 uncursed worthless pieces of green glass 5 uncursed worthless pieces of orange glass 2 uncursed worthless pieces of red glass an uncursed worthless piece of violet glass 7 uncursed worthless pieces of white glass 6 uncursed worthless pieces of yellowish brown glass Spells and supernatural/magical abilities: Spell marked with ':' is quivered. Name Level Category Cost Memory a - force bolt 1 attack 5pw 83% h - healing 1 healing 8pw 88% m - magic missile 2 : attack 10pw 83% n - detect monsters 1 divination 8pw 83% p - protection 1 clerical 12pw 87% v - clairvoyance 3 divination 25pw 94% w - wizard lock 2 matter 25pw 85% A - create familiar 3 clerical 37pw 96% H - speed monster 3 escape 37pw 83% V - teleportitis -- ability ? -- W - pray for help -- divine ? -- Your skills at the end: Fighting Skills wands [Basic] Weapon Skills quarterstaff [Basic] Spellcasting Skills attack spells [Expert] healing spells [Basic] divination spells [Basic] enchantment spells [Basic] Final Attributes: You had sinned. You were sleep resistant. You were magic resistant. You had restful sleep. You were telepathic. You had automatic searching. You were clairvoyant. You could teleport at will. You were very fast. You angered your god 4808 turns ago. Anhur was slightly pleased with you. You are dead. Vanquished creatures: a ghost 2 giant mimics 2 large mimics a warg a small mimic a flaming sphere a tiger 2 tengu an elf mummy a pit viper a leather golem a chameleon a crocodile a giant beetle a quivering blob a wolf 2 winter wolf cubs 2 leprechauns an orc-captain a giant spider a scorpion 2 horses 2 gnome kings a dwarf mummy a rust monster an owlbear a lizard a jaguar a white unicorn a dust vortex 2 ravens a plains centaur a snake an ape 2 rope golems 2 Woodland-elves a soldier ant a bugbear a quasit 5 wood nymphs a water nymph a mountain nymph 5 Mordor orcs 4 Uruk-hai an orc shaman 2 rock moles a fog cloud a shrieker a violet fungus 13 gnome lords 6 gnomish wizards a Kop Lieutenant a kobold mummy a red naga hatchling 2 paper golems 7 giant ants 3 little dogs 4 floating eyes a kitten 18 dwarves a kobold lord a kobold shaman 19 hill orcs 11 rothes 2 centipedes 2 giant bats 6 Kop Sergeants a monkey an orc zombie a dwarf zombie a wererat a werejackal 3 iguanas 7 coyotes a gas spore 12 hobbits 7 manes 2 giant rats 2 cave spiders 3 brown molds 57 gnomes 2 gnome zombies 3 geckos 16 jackals 6 foxes a kobold 3 goblins 7 sewer rats 9 grid bugs a bat 6 lichens 16 newts 339 creatures vanquished. Voluntary challenges: You used a wielded weapon 316 times, starting on turn 256. You read items or engraved 35 times, starting on turn 1340. You never genocided any monsters. You never polymorphed an object. You never changed form. You used no wishes. You never split a pudding. You wrote Elbereth's name 3 times, starting on turn 2790. You violated your moral code, losing 201 points of alignment, starting on turn 5637. Dungeon overview: The Dungeons of Doom: levels 1 to 9 Level 1 a fountain, a vault a long staircase Level 2 Level 3 a general store, a vault stairs to The Gnomish Mines Level 4 a general store, some fountains Level 5 many fountains Level 6 an armor shop, a vault stairs to Sokoban Level 7 an armor shop, a fountain Level 8 a fountain Level 9 a throne The Gnomish Mines: levels 4 to 11 Level 4 stairs to The Dungeons of Doom Level 5 Level 6 Level 7 some shops, a temple to Anhur, some fountains Level 8 Level 9 Level 10 Level 11 <- You were here a fountain Sokoban: levels 2 to 5 Level 2 Solved Level 3 Solved Level 4 Solved Level 5 Solved stairs to The Dungeons of Doom History has recorded: On T:1 you entered the Dungeons of Doom to retrieve the Amulet of Yendor! On T:346 you reached level 2 of The Dungeons of Doom. On T:846 you reached level 3 of The Dungeons of Doom. On T:849 you advanced to experience level 2. On T:1279 you advanced to experience level 3. On T:1609 you advanced to experience level 4. On T:1637 you reached level 4 of The Dungeons of Doom. On T:2208 you advanced to experience level 5. On T:2296 you reached level 5 of The Dungeons of Doom. On T:2541 you reached level 6 of The Dungeons of Doom. On T:2803 you reached level 4 of Sokoban. On T:2985 you advanced to experience level 6. On T:3220 you reached level 3 of Sokoban. On T:3652 you reached level 2 of Sokoban. On T:4032 you reached level 1 of Sokoban. On T:4697 you advanced to experience level 7. On T:5229 you reached level 7 of The Dungeons of Doom. On T:5923 you reached level 8 of The Dungeons of Doom. On T:6135 you reached level 9 of The Dungeons of Doom. On T:6185 you advanced to experience level 8. On T:6711 you reached level 1 of The Gnomish Mines. On T:6987 you reached level 2 of The Gnomish Mines. On T:7541 you reached level 3 of The Gnomish Mines. On T:7749 you reached level 4 of The Gnomish Mines. On T:8405 you reached level 5 of The Gnomish Mines. On T:8492 you advanced to experience level 9. On T:8753 you reached level 6 of The Gnomish Mines. On T:9094 you reached level 7 of The Gnomish Mines. On T:9480 you reached level 8 of The Gnomish Mines. Score breakdown: Gold: 7844 (13248 points) Experience: 9 levels (15756 points) Exploration: 11 levels ( 22.92%) (13837 points) Discoveries: 39 items ( 13.09%) (10852 points) Valuables value: (no points given unless you survive) Artifact value: 0 ( 0 points) Variety of kills: 92 monsters ( 24.21%) (14761 points) Turncount: 10475 turns (-2447 points) Survival: died (score multiplied by 80%) Total score: 52805 Latest messages: You feel better. You feel more confident in your spell casting skills. You are now more skilled in healing spells. You feel you could be more dangerous! You fall asleep. You stop exploring. You wake up. There are a few objects here. You stop exploring. The force bolt misses the giant mummy. The giant mummy hits! (2x) You miss the giant mummy. The giant mummy hits! (4x) You miss the giant mummy. The giant mummy hits! (6x) You see no objects here. You begin praying to Anhur. The giant mummy hits! You die... The sack is empty. Final status: Goodbye montu the Wizard, killed by a giant mummy, while praying... You died in The Gnomish Mines on dungeon level 11 with 52805 points, and 7844 pieces of gold, after 10475 moves. You were level 9 with a maximum of 96 hit points when you died.